 Dungeon Crawl Stone Soup version 0.30-a0-881-g1ff12e1e11 (webtiles) character file.

Game seed: 14688369757937389289

524 bmack86 the Chopper (level 7, 0/61 HPs)
             Began as a Minotaur Fighter on Mar 15, 2023.
             Was an Initiate of Okawaru.
             Slain by an iguana (10 damage)
             ... on level 5 of the Dungeon.
             The game lasted 00:09:16 (3771 turns).

bmack86 the Chopper (Minotaur Fighter)              Turns: 3771, Time: 00:09:17

Health: 0/61       AC: 12    Str: 22    XL:     7   Next: 2%
Magic:  0/7        EV:  7    Int:  5    God:    Okawaru [......]
Gold:   239        SH:  5    Dex: 10    Spells: 6/6 levels left

rFire   . . .      SeeInvis .    a - +0 war axe
rCold   . . .      Faith    .    c - +0 buckler
rNeg    . . .      Spirit   +    k - +3 chain mail
rPois   .          Reflect  .    (helmet restricted)
rElec   .          Rampage  .    (no cloak)
rCorr   .                        (no gloves)
Will    ++...                    (no boots) Stlth
                                 j - amulet of guardian spirit
HPRegen 0.30/turn                t - ring of willpower
MPRegen 0.10/turn                h - ring of willpower

@: lethally poisoned (0 -> -6), weakened
A: horns 2, retaliatory headbutt
a: Renounce Religion


You were on level 5 of the Dungeon.
You worshipped Okawaru.
Okawaru was noncommittal.
You visited 2 branches of the dungeon, and saw 6 of its levels.

You collected 239 gold pieces.

Inventory:

Hand Weapons
 a - a +0 war axe (weapon)
 u - a +1 hand axe of freezing
Missiles
 e - 2 boomerangs (quivered)
 s - 6 silver javelins
Armour
 b - a +0 scale mail
 c - a +0 buckler (worn)
 k - a +3 chain mail (worn)
Jewellery
 f - a ring of poison resistance
 h - a ring of willpower (right hand)
 j - an amulet of guardian spirit (around neck)
 t - a ring of willpower (left hand)
Scrolls
 i - 2 scrolls of amnesia
 n - a scroll of torment {unknown}
 q - 4 scrolls of teleportation
 v - 2 scrolls of enchant weapon {unknown}
 w - a scroll of fog
 y - a scroll of noise {unknown}
Potions
 d - 2 potions of might
 g - 2 potions of curing
 l - 4 potions of flight
 m - a potion of heal wounds
 o - 2 potions of resistance {unknown}
 p - a potion of lignification {unknown}
 r - a potion of degeneration {unknown}
 x - a potion of mutation {unknown}


   Skills:
 + Level 5.1 Fighting
 * Level 5.5 Axes
 + Level 2.3 Throwing
 + Level 5.1 Armour
 + Level 5.0 Shields
 + Level 1.3 Invocations


You had 6 spell levels left.
You didn't know any spells.
Your spell library contained the following spells:

 Spells                   Type           Power      Damage    Failure   Level
 Sandblast                Erth           0%         2d4       99%         1
 Passwall                 Tmut/Erth      0%         N/A       100%        2
 Stone Arrow              Conj/Erth      0%         3d7       100%        3


Dungeon Overview and Level Annotations

Branches:
Dungeon (5/15)             Temple (1/1) D:4

Altars:
Ashenzari
Cheibriados
Dithmenos
Elyvilon
Fedhas
Hepliaklqana
Kikubaaqudgha
Nemelex Xobeh
Okawaru
Qazlal
Ru
Sif Muna
Trog
Uskayaw
Wu Jian
Xom
Yredelemnul


Innate Abilities, Weirdness & Mutations

You have a pair of horns on your head.
You reflexively headbutt those who attack you in melee.


Message History

You hit the gnoll bouda but do no damage.
You feel sick.
The water moccasin bites you but does no damage.
The gnoll hits you with a +1 whip of venom.
The iguana bites you but does no damage.
You block the gnoll bouda's attack. The gnoll barely misses you.
The water moccasin bites you but does no damage.
The gnoll hits you with a +1 whip of venom!
You barely miss the gnoll.
The gnoll is heavily wounded.
You barely miss the iguana. You hit the gnoll bouda.
You miss the water moccasin.
You feel sick. The iguana bites you! The water moccasin barely misses you.
You block the gnoll bouda's attack. The gnoll closely misses you.
The gnoll hits you but does no damage.
You are more poisoned.
The iguana bites you.
The gnoll bouda gazes fiercely through you!
You feel as though you will be weak longer.
The gnoll bouda hits you but does no damage.
The water moccasin bites you but does no damage.
You barely miss the gnoll. You headbutt the gnoll.
The gnoll is severely wounded.
You barely miss the iguana. You completely miss the gnoll bouda.
You miss the water moccasin.
You feel very sick. The gnoll hits you but does no damage.
The water moccasin bites you.
* * * LOW HITPOINT WARNING * * *
The gnoll barely misses you.
The gnoll bouda hits you but does no damage.
The iguana bites you.
* * * LOW HITPOINT WARNING * * *
The gnoll hits you but does no damage. The water moccasin barely misses you.
You barely miss the gnoll.
The gnoll is severely wounded.
You slash the gnoll bouda! You closely miss the water moccasin.
You hit the iguana but do no damage.
You feel very sick. You block the gnoll's attack.
The water moccasin closely misses you. You furiously retaliate!
You headbutt the water moccasin. The iguana bites you!
You die...

#.....#.# ###.#.#.#
....# #...#.#.# ....#
#)#...#.# ....#
#...#.#.# ....#
###.###'#######....###
#...........#..g......
#...........#Slg......
#...........#.@g......
#...........#..###..##
#...........##.###..##
#.....................
#.....#######+#######.
#.....# #.....# ....


You could see a water moccasin, a gnoll bouda, an iguana and 2 gnolls.

Vanquished Creatures
  A phantom (D:4)
  2 scorpions (D:4)
  A hound (D:4)
  Jessica (D:2)
  Terence (D:2)
  2 orc wizards
  2 gnolls
  6 adders
  A white imp (D:5)
  An ufetubus (D:5)
  3 worms
  A dart slug (D:4)
  10 orcs
  8 bats
  9 endoplasms
  6 giant cockroaches
  10 goblins
  9 hobgoblins
  7 kobolds
  A quokka (D:2)
  5 ball pythons
  2 frilled lizards
  5 rats
94 creatures vanquished.

Notes
Turn   | Place    | Note
-------+----------+-------------------------------------------
     0 | D:1      | bmack86 the Minotaur Fighter began the quest for the Orb.
     0 | D:1      | Reached XP level 1. HP: 19/19 MP: 0/0
    31 | D:1      | Reached XP level 2. HP: 19/27 MP: 1/1
   247 | D:1      | Found Zeaqarch's Antique Armour Shoppe.
   610 | D:2      | Reached XP level 3. HP: 33/33 MP: 2/2
   996 | D:2      | Noticed Terence
  1002 | D:2      | Killed Terence
  1003 | D:2      | Reached XP level 4. HP: 31/40 MP: 1/3
  1193 | D:2      | Reached skill level 1 in Throwing
  1316 | D:2      | Noticed Jessica
  1320 | D:2      | Killed Jessica
  1613 | D:3      | Found a faded altar of an unknown god.
  1717 | D:3      | Reached XP level 5. HP: 33/47 MP: 2/4
  2434 | D:4      | Found an ornate altar of the Wu Jian Council.
  2506 | D:4      | Found a staircase to the Ecumenical Temple.
  2517 | Temple   | Entered the Ecumenical Temple
  2690 | D:4      | Found an iron altar of Okawaru.
  2706 | D:4      | Became a worshipper of Warmaster Okawaru
  2754 | D:4      | Noticed a phantom
  2758 | D:4      | Reached skill level 5 in Axes
  2758 | D:4      | Reached XP level 6. HP: 50/55 MP: 3/5
  2767 | D:4      | Reached skill level 5 in Fighting
  2770 | D:4      | Reached skill level 1 in Invocations
  3290 | D:4      | Found a basalt altar of Yredelemnul.
  3329 | D:4      | Reached skill level 5 in Armour
  3329 | D:4      | Reached skill level 5 in Shields
  3530 | D:5      | Entered Level 5 of the Dungeon
  3736 | D:5      | Reached XP level 7. HP: 58/61 MP: 5/7
  3771 | D:5      | Slain by an iguana

Illustrated notes

Levels and vault maps discovered:
D:1:      dpeg_arrival_round_b, layout_rooms, serial_shops, shop
D:2:      layout_basic, minmay_octomino_c4, uniq_terence, uniq_jessica
D:3:      layout_basic, hellmonk_ecumenical_altar_blasted
D:4:      layout_layer_cave, nicolae_wu_jian_wuxing_cycle,
          mainiacjoe_overflow_brackets, okawaru_altar_gauntlet_db,
          minmay_temple_entry_antechambers
D:5:      layout_basic, minmay_door_square
Temple:   nicolae_temple_great_sept

Skill      XL: |  1  2  3  4  5  6 |
---------------+-------------------+-----
Axes           | 3 4 5 |  5.5
Fighting       | 4 5 |  5.1
Armour         | 4 5 |  5.1
Shields        | 4 5 |  5.0
Throwing       | 1 2 |  2.3
Invocations    | 1 |  1.3

Action                     |  1- 3 |  4- 6 |  7- 9 || total
---------------------------+-------+-------+-------++-------
  Melee: War axe           |    50 |   129 |     8 ||   187
         Headbutt          |     7 |    10 |     3 ||    20
  Throw: Boomerang         |       |    13 |       ||    13
    Use: Scroll            |     2 |     5 |       ||     7
 Armour: Scale mail        |    40 |    36 |       ||    76
         Chain mail        |       |    47 |    14 ||    61
  Dodge: Dodged            |    34 |    44 |     9 ||    87
  Block: Buckler           |    12 |    30 |     5 ||    47

Table legend: (Time is in decaauts)
 A = Elapsed time spent in this place.
 B = Non-inter-level travel time spent in this place.
 C = Inter-level travel time spent in this place.
 D = Time resting spent in this place.
 E = Time spent auto-exploring this place.
 F = Levels seen in this place.
 G = Mean time per level.
                   A        B        C        D        E       F      G
               +--------+--------+--------+--------+--------+-----+--------+
         Total |   3832 |   3780 |     52 |      0 |   2562 |   6 |  638.7 |
       Dungeon |   3692 |   3640 |     52 |      0 |   2562 |   5 |  738.4 |
        Temple |    139 |    139 |      0 |      0 |      0 |   1 |  139.0 |
               +--------+--------+--------+--------+--------+-----+--------+

Top non-repeatable levels by time:
     D:4: 986 daAuts
     D:2: 962 daAuts
     D:3: 941 daAuts
     D:1: 554 daAuts
     D:5: 248 daAuts
  Temple: 139 daAuts
